 Dungeon Crawl Stone Soup version 0.32-a0-868-g153ae1a8d6 (webtiles) character file.

Game seed: 8398943300432372127

4019 ezpacito the Trooper (level 10, 0/84 HPs)
             Began as a Coglin Chaos Knight on Mar 28, 2024.
             Was a Plaything of Xom.
             Slain by an orc warrior
             ... wielding a +0 glaive
              (10 damage)
             ... on level 8 of the Dungeon.
             The game lasted 00:08:33 (7982 turns).

ezpacito the Trooper (Coglin Chaos Knight)          Turns: 7982, Time: 00:08:33

Health: 0/84       AC: 17    Str: 23    XL:     10   Next: 23%
Magic:  15/15      EV:  7    Int: 10    God:    Xom [...*..]
Gold:   25         SH:  0    Dex: 13    Spells: 1/15 levels left

rFire   . . .        a - +0 hand axe (chaos) {Cortez}
rCold   . . .        f - +0 spear {Sofian}
rNeg    . . .        o - +0 plate armour "Quusch" {Str+2 Slay+2}
rPois   .            p - +0 helmet
rElec   .            (no cloak)
rCorr   .            (no gloves)
SInv    .            b - +2 pair of boots
Will    .....        (amulet unavailable) Stlth
                     (ring unavailable)
HPRegen 0.34/turn    (ring unavailable)
MPRegen 0.14/turn    (no gizmo)

%: no passive effects
@: hasted, revving, very quick
A: off-hand wielding, slow wielding, warmup strikes, no jewellery, sense
surroundings 1, robust 1, strong 1
a: Invent Gizmo, Renounce Religion


You were on level 8 of the Dungeon.
You worshipped Xom.
You were a favourite toy of Xom.
You visited 2 branches of the dungeon, and saw 9 of its levels.

You collected 487 gold pieces.
You spent 462 gold pieces at shops.

Inventory:

Hand Weapons
 a - a +0 hand axe of chaos (weapon) {Cortez}
 f - a +0 spear (offhand) {Sofian}
 y - a +3 scythe of holy wrath
 B - a +0 war axe
Missiles
 e - 6 atropa-tipped darts
 q - 5 curare-tipped darts
 s - a throwing net
 x - 10 boomerangs
 z - 31 poisoned darts (quivered)
 C - 3 javelins
Armour
 b - a +2 pair of boots (worn)
 o - the +0 plate armour "Quusch" (worn) {Str+2 Slay+2}
   (You found it on level 2 of the Dungeon)

   Str+2:     It affects your strength (+2).
   Slay+2:    It affects your accuracy & damage with ranged weapons and melee
   (+2).
 p - a +0 helmet (worn)
Talismans
 c - a blade talisman
 w - a storm talisman
Wands
 i - a wand of mindburst (5)
 D - a wand of light (5)
Scrolls
 j - 2 scrolls of noise
 k - 6 scrolls of poison
 l - a scroll of vulnerability {unknown}
 m - a scroll of summoning {unknown}
 t - a scroll of teleportation
 u - a scroll of enchant armour {unknown}
 v - a scroll of immolation {unknown}
Potions
 d - 4 potions of lignification
 g - 2 potions of mutation
 n - a potion of magic
 r - 2 potions of attraction
 A - a potion of brilliance


   Skills:
 * Level 6.9 Fighting
 * Level 6.8(7.4) Axes
 + Level 3.8(5.6) Polearms
 * Level 5.7 Armour
 * Level 5.5 Dodging
 + Level 3.6 Stealth
 + Level 3.3 Spellcasting
 + Level 1.2 Translocations
 + Level 1.5 Evocations


You had one spell level left.
You knew the following spells:

 Your Spells              Type           Power      Damage    Failure   Level
a - Gell's Gavotte        Tloc           2%         2d(12-18) 100%        6
b - Maxwell's Portable P  Tloc           4%         2d(6-11)  100%        4
c - Shock                 Conj/Air       4%         1d3       99%         1
d - Teleport Other        Tloc           4%         N/A       100%        3

Your spell library contained the following spells:

 Spells                   Type           Power      Damage    Failure   Level
 Lesser Beckoning         Tloc           8%         N/A       99%         2
 Ensorcelled Hibernation  Hex/Ice        2%         N/A       100%        2
 Passwall                 Erth           1%         N/A       100%        3
 Swiftness                Air            1%         N/A       100%        3
 Airstrike                Air            0%         2d(1-17)  100%        4
 Dispersal                Tloc           2%         N/A       100%        6


Dungeon Overview and Level Annotations

Branches:
Dungeon (8/15)             Temple (1/1) D:5
   Lair: D:8-11

Altars:
Ashenzari
Cheibriados
Dithmenos
Elyvilon
Gozag
Kikubaaqudgha
Makhleb
Nemelex Xobeh
Okawaru
Qazlal
Ru
Sif Muna
Trog
Uskayaw
Vehumet
Wu Jian
Xom
Yredelemnul
Zin
The Shining One

Shops:
D:6 !   D:8 !

Annotations:
D:5 2 transporters


Innate Abilities, Weirdness & Mutations

You can wield a second weapon in your off-hand.
It takes a long time for you to wield or remove held weapons.
Your first few attacks do less damage.
You cannot equip rings or amulets.
You passively map a small area around you.
You are robust. (+10% HP)
Your muscles are strong. (Str +4, Int/Dex -1)


Message History

You slash the orc warrior with your +0 hand axe of chaos!
You freeze the orc warrior.
Your crimson imp hits the orc priest.
You hit the orc warrior but do no damage.
The orc warrior is heavily wounded.
You hit the orc warrior with your +0 hand axe of chaos.
You drain the orc warrior.
The kobold barely misses your crimson imp.
The orc warrior hits you with a +0 glaive!
The orc priest completely misses your crimson imp.
You take 10 damage, and have 27/84 hp.
You hit the orc warrior with your +0 hand axe of chaos.
The orc warrior is poisoned.
The orc warrior is severely wounded.
You hit the orc warrior but do no damage.
Your crimson imp hits the orc priest.
The orc warrior hits you with a +0 glaive!!
* * * LOW HITPOINT WARNING * * *
The kobold closely misses your crimson imp.
The orc priest barely misses your crimson imp.
You take 18 damage, and have 9/84 hp.
MASSIVE DAMAGE!!
Okay, then.
Okay, then.
Aiming: Bolt of Light
Press: ? - help, Shift-Dir - straight line, f - orc priest, p - orc warrior
Aim: an orc priest, wielding a +0 club and wearing a +0 leather armour (moderately wounded, ally target, 71% to hit)
Okay, then.
Aiming: Bolt of Light
Press: ? - help, Shift-Dir - straight line, p - orc priest
Okay, then.
Unknown command.
You swap places.
Your quasit barely misses the orc warrior. x2
Your quasit claws the orc warrior but does no damage.
Your crimson imp hits the orc priest but does no damage.
Your quasit closely misses the orc warrior.
Your quasit completely misses the orc warrior.
Your quasit misses the orc warrior.
The orc warrior hits you from afar with a +0 glaive!
You die... "It's not fun and games unless someone loses an eye."

#........ *
#........
#........
#........ ##* *
#........ ..
#........,.# #
#.####### .####.#
#.##...# .......,
*
#.##.#@###o......
#....#.5o5K).....
###########......
, , , ..... ,,
.... * , *#.# , ,
* # ,* * , ,


You could see an orc warrior (strong, very poisoned, drained, ally target), a
kobold, a friendly quasit (summoned) and a friendly crimson imp (summoned).

Vanquished Creatures
  Prince Ribbit (D:5)
  Grinder (D:6)
  Sigmund (D:5)
  5 yaks (D:8)
  3 vampire mosquitoes (D:8)
  2 water moccasins
  A sky beast (D:7)
  A black bear (D:6)
  5 centaurs
  4 kobold brigands
  2 scorpions (D:4)
  A bullfrog (D:7)
  5 killer bees (D:7)
  A bombardier beetle (D:4)
  A howler monkey (D:6)
  A gnoll bouda (D:7)
  5 hounds
  3 orc priests
  A sleepcap (D:5)
  2 iguanas (D:5)
  5 orc wizards
  8 gnolls
  5 adders
  2 white imps
  5 ufetubi
  3 dart slugs
  3 ribbon worms
  25 orcs
  4 endoplasms
  4 giant cockroaches
  13 goblins
  4 hobgoblins
  4 jackals (D:3)
  16 kobolds
  3 quokkas
  6 ball pythons
  7 bats
  5 rats
168 creatures vanquished.

Vanquished Creatures (collateral kills)
  An orc wizard (D:6)
  Robin (D:3)
  2 orcs (D:8)
  A goblin (D:3)
5 creatures vanquished.

Grand Total: 173 creatures vanquished

Notes
Turn   | Place    | Note
-------+----------+-------------------------------------------
     0 | D:1      | ezpacito the Coglin Chaos Knight began the quest for the
                  | Orb.
     0 | D:1      | Reached XP level 1. HP: 18/18 MP: 1/1
   254 | D:1      | Reached skill level 1 in Dodging
   501 | D:1      | Reached XP level 2. HP: 24/24 MP: 2/2
   591 | D:1      | XOM: silly message
   896 | D:1      | Found a faded altar of an unknown god.
   896 | D:1      | Noticed an orange demon
   961 | D:2      | Identified the +0 plate armour "Quusch" {Str+2 Slay+2}
   998 | D:2      | Reached XP level 3. HP: 29/29 MP: 3/3
  1199 | D:2      | XOM: cloud trail
  1408 | D:2      | XOM: silly message
  1995 | D:3      | Noticed Robin
  1998 | D:3      | XOM: enchant monster (bad)
  2001 | D:3      | XOM: summons 3 friendly demons
  2003 | D:3      | Reached XP level 4. HP: 32/35 MP: 5/5
  2006 | D:3      | Killed Robin
  2153 | D:3      | XOM is BORED!
  2718 | D:4      | Reached skill level 1 in Polearms
  2718 | D:4      | Reached skill level 1 in Spellcasting
  2718 | D:4      | Reached XP level 5. HP: 42/42 MP: 6/6
  2790 | D:4      | XOM: cleaving
  2795 | D:4      | Reached skill level 1 in Stealth
  2795 | D:4      | Reached XP level 6. HP: 36/48 MP: 7/7
  2798 | D:4      | XOM: scenery: summon butterflies
  2807 | D:4      | XOM: cast spell 'Leda's Liquefaction'
  2956 | D:4      | XOM: god gift: falchion {god gift}
  3343 | D:5      | Entered Level 5 of the Dungeon
  3372 | D:5      | XOM: polymorph white imp -> ufetubus
  3543 | D:5      | Noticed a water moccasin
  3543 | D:5      | XOM: 5-stop teleportation journey
  3545 | D:5      | Found a bloodstained altar of Trog.
  3676 | D:5      | XOM: god gift: storm talisman
  3710 | D:5      | Reached XP level 7. HP: 54/55 MP: 9/9
  3741 | D:5      | Noticed Sigmund
  3764 | D:5      | Killed Sigmund
  3828 | D:5      | Found a shimmering blue altar of Sif Muna.
  3893 | D:5      | Noticed Prince Ribbit
  3914 | D:5      | XOM: summons 7 friendly demons
  3935 | D:5      | Killed Prince Ribbit
  3936 | D:5      | Reached skill level 5 in Fighting
  3936 | D:5      | Reached XP level 8. HP: 62/62 MP: 9/11
  3958 | D:5      | XOM: scenery: create altars
  4003 | D:5      | Found a radiant altar of Vehumet.
  4021 | D:5      | Found a transporter.
  4040 | D:5      | Found a staircase to the Ecumenical Temple.
  4068 | D:5      | Found a transporter.
  4162 | D:5      | Found a white marble altar of Elyvilon.
  4318 | D:5      | Reached skill level 5 in Axes
  4467 | Temple   | Entered the Ecumenical Temple
  4568 | D:6      | XOM: give mutations
  4568 | D:6      | Gained mutation: Your muscles are strong. (Str +4, Int/Dex
                  | -1) [Xom's grace]
  4568 | D:6      | Gained mutation: You passively map a small area around you.
                  | [Xom's grace]
  4568 | D:6      | Gained mutation: You are robust. (+10% HP) [Xom's grace]
  4574 | D:6      | XOM: silly message
  4662 | D:6      | Found an ancient bone altar of Kikubaaqudgha.
  4662 | D:6      | XOM: summons 3 hostile shadow creatures
  4686 | D:6      | XOM: noise
  4712 | D:6      | Noticed Grinder
  4713 | D:6      | Paralysed by Grinder for 2 turns
  4720 | D:6      | Killed Grinder
  4873 | D:6      | Found Nuloxoib's Distillery.
  4875 | D:6      | XOM: fake destruction
  4896 | D:6      | Bought a potion of degeneration for 12 gold pieces
  4896 | D:6      | Bought a potion of heal wounds for 60 gold pieces
  4896 | D:6      | Bought a potion of lignification for 36 gold pieces
  4896 | D:6      | Bought a potion of attraction for 36 gold pieces
  4896 | D:6      | Bought a potion of brilliance for 48 gold pieces
  4896 | D:6      | Bought a potion of berserk rage for 60 gold pieces
  5158 | D:6      | XOM: god gift: 42 gold pieces
  5204 | D:6      | Found a stormy altar of Qazlal.
  5208 | D:6      | XOM: cloud trail
  5230 | D:6      | XOM: fog
  5233 | D:6      | XOM: summons 6 friendly demons
  5272 | D:6      | XOM: 1-stop teleportation journey
  5514 | D:6      | XOM: potion effect (invisibility)
  5799 | D:6      | XOM: noise
  5803 | D:6      | Reached XP level 9. HP: 67/75 MP: 12/12
  6101 | D:7      | XOM: swap monsters
  6233 | D:7      | Identified the ring of Efrok Woys {*Corrode rC+++ Will+++
                  | AC+4 Stlth-}
  6454 | D:7      | Found an opulent altar of Gozag.
  6454 | D:7      | XOM: 8-stop teleportation journey
  6579 | D:7      | XOM: fog
  6833 | D:7      | XOM: cleaving
  7024 | D:7      | XOM: confuse monster(s)
  7033 | D:7      | Reached skill level 5 in Armour
  7271 | D:8      | XOM: confuse monster(s)
  7288 | D:8      | Reached skill level 5 in Dodging
  7305 | D:8      | Found Tomacip's Distillery.
  7335 | D:8      | Learned a level 6 spell: Gell's Gavotte
  7340 | D:8      | Learned a level 4 spell: Maxwell's Portable Piledriver
  7342 | D:8      | Learned a level 1 spell: Shock
  7346 | D:8      | Learned a level 3 spell: Teleport Other
  7352 | D:8      | Bought a potion of mutation for 80 gold pieces
  7352 | D:8      | Bought a potion of lignification for 30 gold pieces
  7352 | D:8      | Bought a potion of haste for 100 gold pieces
  7539 | D:8      | XOM: potion effect (brilliance)
  7554 | D:8      | Reached skill level 1 in Evocations
  7554 | D:8      | Reached XP level 10. HP: 73/84 MP: 14/14
  7571 | D:8      | Reached skill level 1 in Translocations
  7642 | D:8      | XOM: god gift: wand of light (5)
  7648 | D:8      | XOM: 2-stop teleportation journey
  7951 | D:8      | XOM: summons 3 friendly demons
  7982 | D:8      | Slain by an orc warrior

Illustrated notes

Levels and vault maps discovered:
D:1:      arrival_zaba_pyramid, layout_basic,
          dreamdust_ecumenical_altar_sealed_demon
D:2:      layout_loops_corners
D:3:      layout_loops_ring, minmay_tree_intersection, kennysheep_crisscross,
          uniq_robin
D:4:      layout_loops_ring
D:5:      gammafunk_wand_slinger, layout_basic, old_standard_altar,
          mainiacjoe_overflow_alcove_1, mainiacjoe_overflow_surrounded_room,
          nicolae_sif_muna_condensation, temple_green, uniq_sigmund,
          uniq_prince_ribbit1
D:6:      nicolae_whirlpool, layout_gridville, kennysheep_mini_moat,
          nicolae_qazlal_general_emergency, serial_shops,
          nicolae_shop_advertising_works [nicolae_subvault_shop_adworks],
          uniq_grinder
D:7:      layout_basic, grunt_gozag_statues
D:8:      layout_basic, serial_shops,
          nicolae_shop_temple_entry_statues_fountains
Temple:   nicolae_temple_figure_eight

Skill      XL: |  1  2  3  4  5  6  7  8  9 10 |
---------------+-------------------------------+-----
Dodging        | 1 2 3 4 5 |  5.5
Armour         | 2 3 4 5 |  5.7
Polearms       | 1 2 3 |  3.8
Spellcasting   | 1 2 3 |  3.3
Stealth        | 1 2 3 |  3.6
Fighting       | 4 5 6 |  6.9
Axes           | 4 5 6 |  6.8
Evocations     | 1 |  1.5
Translocations | 1 |  1.2

Action                     |  1- 3 |  4- 6 |  7- 9 | 10-12 || total
---------------------------+-------+-------+-------+-------++-------
  Melee: Hand axe          |    58 |    65 |   236 |    56 ||   415
         Dagger            |    48 |     2 |       |       ||    50
         Spear             |       |    78 |   270 |    58 ||   406
  Throw: Dart              |       |       |    13 |       ||    13
    Use: Scroll            |       |     7 |     7 |       ||    14
         Potion            |       |     1 |     5 |     1 ||     7
   Stab: Sleeping          |     2 |       |       |       ||     2
         Paralysed         |       |     1 |       |       ||     1
         Petrified         |       |       |     3 |       ||     3
         Confused          |       |       |    10 |       ||    10
         Petrifying        |       |       |     1 |       ||     1
 Armour: Leather armour    |    26 |       |       |       ||    26
         Plate armour      |    17 |    78 |   304 |    51 ||   450
  Dodge: Dodged            |    22 |    17 |    92 |    17 ||   148

Table legend: (Time is in decaauts)
 A = Elapsed time spent in this place.
 B = Non-inter-level travel time spent in this place.
 C = Inter-level travel time spent in this place.
 D = Time resting spent in this place.
 E = Time spent auto-exploring this place.
 F = Levels seen in this place.
 G = Mean time per level.
                   A        B        C        D        E       F      G
               +--------+--------+--------+--------+--------+-----+--------+
         Total |   7990 |   7594 |    396 |    363 |   6075 |   9 |  887.8 |
       Dungeon |   7989 |   7594 |    395 |    363 |   6075 |   8 |  998.6 |
        Temple |      1 |      1 |      0 |      0 |      0 |   1 |    1.0 |
               +--------+--------+--------+--------+--------+-----+--------+

Top non-repeatable levels by time:
     D:6: 1513 daAuts
     D:7: 1215 daAuts
     D:5: 1167 daAuts
     D:1: 936 daAuts
     D:2: 893 daAuts
     D:3: 800 daAuts
     D:8: 743 daAuts
     D:4: 719 daAuts
  Temple: 1 daAuts
